General information
- name: BNet
- type: Ladder team game (AT/RT)
- host: Battle.net
- saver: MasterOfMutants
map: Cherryville
- players: 8
- length: 36:53
- speed: Fast
- version: 1.26 W3XP
- replay type: Public
» download(173 KB)
Players
team 1 (winner)

»
DudeYouSuck (
purple | 79 APM | 1046 actions | 13:11)
3 Tauren Chieftain
1 Shockwave
2 Endurance Aura
» actions
| Assign group hotkey | 307 | |
| Basic commands | 26 | |
| Build / train | 43 | |
| Enter build submenu | 11 | |
| Enter hero's abilities submenu | 3 | |
| Give item / drop item | 3 | |
| Remove unit from queue | 1 | |
| Right click | 304 | |
| Select / deselect | 108 | |
| Select group hotkey | 205 | |
| Use ability | 35 | |
1046 total
» units
| Peon | 12 | |
| Wind Rider | 7 | |
| Troll Batrider | 1 | |
20 total
» upgrades
| Armor | 1 | |
| Ranged Weapons | 3 | |
| Envenomed Spears | 2 | |
6 total
» buildings
| Orc Burrow | 5 | |
| War Mill | 1 | |
| Altar of Storms | 1 | |
| Stronghold | 1 | |
| Voodoo Lounge | 1 | |
| Beastiary | 2 | |
| Fortress | 1 | |
| Great Hall | 1 | |
13 total
» build order
00:40 Orc Burrow
01:22 War Mill
01:32 Altar of Storms
02:05 Stronghold
02:38 Voodoo Lounge
03:18 Orc Burrow
03:50 Orc Burrow
04:41 Beastiary
04:45 Beastiary
05:17 Orc Burrow
05:39 Fortress
09:09 Great Hall
10:15 Orc Burrow
» items
| Healing Salve | 2 | |
| Lesser Clarity Potion | 3 | |
| Scroll of Speed | 1 | |
| Potion of Mana | 1 | |
| Circlet of Nobility | 1 | |
| Orb of Lightning | 1 | |
9 total
masterofmutantz (
yellow | 51 APM | 1882 actions | 36:53)
8 Archmage
3 Summon Water Elemental
3 Brilliance Aura
1 Mass Teleport
1 Blizzard
5 Tauren Chieftain
2 Shockwave
1 Reincarnation
2 War Stomp
2 Shadow Hunter
1 Hex
1 Healing Wave
» actions
| Assign group hotkey | 44 | |
| Basic commands | 15 | |
| Build / train | 118 | |
| Enter build submenu | 22 | |
| Enter hero's abilities submenu | 15 | |
| Give item / drop item | 9 | |
| Right click | 660 | |
| Select / deselect | 371 | |
| Select group hotkey | 502 | |
| Use ability | 126 | |
1882 total
» units
| Peasant | 18 | |
| Footman | 3 | |
| Goblin Shredder | 6 | |
| Gryphon Rider | 15 | |
| Wind Rider | 22 | |
| Knight | 9 | |
| Goblin Sapper | 3 | |
76 total
» upgrades
| Masonry | 2 | |
| Lumber Harvesting | 1 | |
| Animal War Training | 1 | |
| Swords | 2 | |
| Armor | 1 | |
| Storm Hammers | 1 | |
8 total
» buildings
| Altar of Kings | 1 | |
| Barracks | 1 | |
| Farm | 13 | |
| Scout Tower | 6 | |
| Arcane Tower | 2 | |
| Arcane Vault | 1 | |
| Town Hall | 2 | |
| Lumber Mill | 1 | |
| Keep | 1 | |
| Castle | 1 | |
| Gryphon Aviary | 3 | |
| Blacksmith | 1 | |
| War Mill | 1 | |
| Altar of Storms | 1 | |
| Orc Burrow | 2 | |
37 total
» build order
00:12 Altar of Kings
00:21 Barracks
00:36 Farm
00:53 Farm
01:38 Farm
01:41 Scout Tower
02:08 Arcane Tower
02:25 Arcane Vault
03:47 Town Hall
03:56 Lumber Mill
04:15 Keep
04:47 Farm
05:47 Scout Tower
05:47 Scout Tower
05:48 Scout Tower
05:49 Scout Tower
05:49 Scout Tower
06:54 Castle
06:59 Gryphon Aviary
07:31 Gryphon Aviary
07:36 Gryphon Aviary
07:39 Farm
07:40 Farm
07:41 Farm
07:42 Farm
07:42 Farm
07:42 Farm
07:42 Farm
07:43 Farm
07:57 Farm
08:39 Blacksmith
11:14 Town Hall
29:23 Arcane Tower
34:25 War Mill
34:27 Altar of Storms
34:29 Orc Burrow
34:32 Orc Burrow
» items
| Scroll of Regeneration | 2 | |
| Staff of Teleportation | 1 | |
| Potion of Lesser Invulnerability | 2 | |
| Scroll of Town Portal | 6 | |
| Orb of Lightning | 1 | |
12 total
mikeree112 (
red | 40 APM | 849 actions | 21:21)
4 Mountain King
1 Thunder Clap
1 Bash
2 Storm Bolt
2 Paladin
1 Holy Light
1 Devotion Aura
» actions
| Basic commands | 122 | |
| Build / train | 104 | |
| Enter build submenu | 22 | |
| Enter hero's abilities submenu | 6 | |
| Give item / drop item | 2 | |
| Remove unit from queue | 2 | |
| Right click | 251 | |
| Select / deselect | 269 | |
| Use ability | 71 | |
849 total
» units
| Peasant | 14 | |
| Footman | 6 | |
| Sorceress | 5 | |
| Priest | 3 | |
| Knight | 12 | |
| Siege Engine | 6 | |
| Troll Witch Doctor | 4 | |
| Shaman | 3 | |
| Spirit Walker | 1 | |
| Grunt | 1 | |
| Troll Headhunter/Berserker | 1 | |
56 total
» upgrades
| Defend | 1 | |
| Masonry | 3 | |
| Lumber Harvesting | 2 | |
| Priest Training | 2 | |
| Sorceress Training | 2 | |
| Magic Sentry | 1 | |
| Animal War Training | 1 | |
| Swords | 2 | |
| Plating | 2 | |
| Barrage | 1 | |
| Shaman Training | 1 | |
| Spirit Walker Training | 1 | |
| Armor | 1 | |
| Gunpowder | 1 | |
21 total
» buildings
| Altar of Kings | 1 | |
| Farm | 6 | |
| Barracks | 1 | |
| Scout Tower | 2 | |
| Lumber Mill | 1 | |
| Arcane Vault | 1 | |
| Arcane Tower | 1 | |
| Keep | 1 | |
| Town Hall | 1 | |
| Castle | 2 | |
| Arcane Sanctum | 1 | |
| Blacksmith | 2 | |
| Workshop | 1 | |
| Great Hall | 2 | |
23 total
» build order
00:09 Altar of Kings
00:29 Farm
00:42 Barracks
01:03 Farm
01:12 Scout Tower
01:32 Scout Tower
01:40 Lumber Mill
02:15 Farm
02:25 Arcane Vault
02:47 Arcane Tower
03:37 Farm
04:13 Keep
05:08 Town Hall
07:08 Castle
07:35 Arcane Sanctum
08:10 Farm
09:33 Castle
09:33 Castle
09:40 Farm
09:51 Blacksmith
11:21 Blacksmith
12:07 Workshop
19:26 Great Hall
19:27 Great Hall
» items
| Scroll of Regeneration | 1 | |
| Boots of Speed | 1 | |
| Lesser Clarity Potion | 1 | |
| Scroll of Town Portal | 2 | |
| Orb of Lightning | 1 | |
| Healing Salve | 1 | |
7 total

»
smell_my_finger (
pink | 53 APM | 701 actions | 13:07)
4 Tauren Chieftain
2 War Stomp
2 Endurance Aura
» actions
| Assign group hotkey | 7 | |
| Basic commands | 2 | |
| Build / train | 37 | |
| Enter build submenu | 32 | |
| Enter hero's abilities submenu | 4 | |
| Give item / drop item | 2 | |
| Remove unit from queue | 1 | |
| Right click | 163 | |
| Select / deselect | 101 | |
| Select group hotkey | 309 | |
| Use ability | 43 | |
701 total
» units
| Peon | 11 | |
| Troll Headhunter/Berserker | 6 | |
| Goblin Shredder | 4 | |
| Wind Rider | 2 | |
23 total
» upgrades
| Witch Doctor Training | 2 | |
| Envenomed Spears | 1 | |
| Ranged Weapons | 1 | |
| Armor | 1 | |
5 total
» buildings
| Altar of Storms | 1 | |
| Orc Burrow | 8 | |
| War Mill | 1 | |
| Voodoo Lounge | 2 | |
| Barracks | 1 | |
| Stronghold | 1 | |
| Fortress | 1 | |
| Great Hall | 2 | |
| Beastiary | 2 | |
| Spirit Lodge | 1 | |
| Watch Tower | 6 | |
26 total
» build order
00:36 Altar of Storms
00:45 Orc Burrow
00:57 War Mill
01:32 Voodoo Lounge
02:00 Barracks
02:12 Voodoo Lounge
02:20 Orc Burrow
03:23 Stronghold
03:58 Orc Burrow
06:06 Fortress
06:12 Great Hall
06:19 Orc Burrow
07:34 Beastiary
07:44 Beastiary
07:59 Spirit Lodge
08:44 Orc Burrow
09:33 Great Hall
10:13 Watch Tower
10:35 Watch Tower
10:49 Orc Burrow
10:52 Watch Tower
11:18 Watch Tower
11:54 Orc Burrow
12:43 Watch Tower
12:48 Watch Tower
12:59 Orc Burrow
» items
| Healing Salve | 1 | |
| Lesser Clarity Potion | 1 | |
2 total
team 2 (loser)
MasterOfMutants (
green | 57 APM | 2086 actions | 36:53)
10 Death Knight
3 Death Coil
3 Unholy Aura
1 Animate Dead
3 Death Pact
1 Blademaster
1 Wind Walk
» actions
| Assign group hotkey | 36 | |
| Basic commands | 57 | |
| Build / train | 127 | |
| Enter build submenu | 49 | |
| Enter hero's abilities submenu | 12 | |
| Remove unit from queue | 5 | |
| Right click | 551 | |
| Select / deselect | 480 | |
| Select group hotkey | 612 | |
| Use ability | 157 | |
2086 total
» units
| Acolyte | 9 | |
| Ghoul | 2 | |
| Crypt Fiend | 7 | |
| Gryphon Rider | 5 | |
| Gargoyle | 22 | |
| Obsidian Statue | 15 | |
60 total
» upgrades
| Creature Attack | 3 | |
| Creature Carapace | 3 | |
| Spiked Barricades | 2 | |
| Web | 1 | |
| Masonry | 2 | |
| Destroyer Form | 1 | |
| Ghoul Frenzy | 1 | |
| Burrow | 1 | |
| Disease Cloud | 1 | |
| Stone Form | 1 | |
| Cannibalize | 1 | |
| Unholy Strength | 3 | |
| Exhume Corpses | 1 | |
| Unholy Armor | 3 | |
| Backpack | 1 | |
| Reinforced Defenses | 1 | |
| Pillage | 1 | |
27 total
» buildings
| Altar of Darkness | 1 | |
| Ziggurat | 16 | |
| Crypt | 2 | |
| Graveyard | 1 | |
| Tomb of Relics | 2 | |
| Nerubian Tower | 2 | |
| Halls of the Dead | 4 | |
| Spirit Tower | 10 | |
| Watch Tower | 6 | |
| Fortress | 1 | |
| Slaughterhouse | 1 | |
| Black Citadel | 1 | |
| Scout Tower | 6 | |
| Guard Tower | 2 | |
| Farm | 2 | |
| Necropolis | 2 | |
| Temple of the Damned | 1 | |
| Sacrificial Pit | 1 | |
61 total
» build order
00:08 Altar of Darkness
00:09 Ziggurat
00:34 Crypt
00:59 Graveyard
01:14 Tomb of Relics
01:56 Ziggurat
02:06 Nerubian Tower
03:53 Halls of the Dead
03:53 Halls of the Dead
03:54 Halls of the Dead
05:02 Ziggurat
05:51 Spirit Tower
06:50 Watch Tower
06:52 Watch Tower
06:53 Watch Tower
06:57 Fortress
07:03 Slaughterhouse
07:04 Crypt
07:06 Black Citadel
07:34 Scout Tower
07:34 Scout Tower
07:35 Scout Tower
07:36 Scout Tower
08:09 Guard Tower
08:24 Watch Tower
08:26 Watch Tower
08:28 Watch Tower
08:39 Scout Tower
08:40 Scout Tower
08:56 Ziggurat
09:12 Guard Tower
09:34 Farm
10:10 Spirit Tower
11:24 Necropolis
11:41 Farm
13:00 Ziggurat
13:02 Ziggurat
13:03 Ziggurat
13:12 Ziggurat
13:57 Spirit Tower
13:59 Nerubian Tower
14:18 Spirit Tower
15:36 Ziggurat
15:39 Ziggurat
16:51 Spirit Tower
19:20 Spirit Tower
23:56 Necropolis
25:56 Temple of the Damned
32:44 Ziggurat
32:45 Ziggurat
32:46 Ziggurat
32:47 Ziggurat
33:37 Spirit Tower
33:39 Spirit Tower
33:42 Spirit Tower
33:43 Spirit Tower
35:45 Ziggurat
35:47 Ziggurat
35:50 Tomb of Relics
36:36 Sacrificial Pit
» items
| Rod of Necromancy | 1 | |
| Scroll of Healing | 1 | |
| Orb of Corruption | 1 | |
3 total
LoveWizard (
blue | 69 APM | 2538 actions | 36:48)
10 Archmage
3 Summon Water Elemental
3 Brilliance Aura
1 Mass Teleport
3 Blizzard
» actions
| Assign group hotkey | 87 | |
| Basic commands | 220 | |
| Build / train | 105 | |
| Enter build submenu | 52 | |
| Enter hero's abilities submenu | 10 | |
| Give item / drop item | 1 | |
| Remove unit from queue | 4 | |
| Right click | 955 | |
| Select / deselect | 638 | |
| Select group hotkey | 350 | |
| Use ability | 116 | |
2538 total
» units
| Peasant | 14 | |
| Footman | 3 | |
| Rifleman | 23 | |
| Goblin Shredder | 4 | |
| Priest | 11 | |
55 total
» upgrades
| Lumber Harvesting | 2 | |
| Masonry | 3 | |
| Priest Training | 2 | |
| Gunpowder | 3 | |
| Armor | 3 | |
| Long Rifles | 1 | |
| Magic Sentry | 1 | |
15 total
» buildings
| Altar of Kings | 1 | |
| Barracks | 3 | |
| Farm | 15 | |
| Scout Tower | 25 | |
| Arcane Tower | 4 | |
| Keep | 1 | |
| Town Hall | 4 | |
| Lumber Mill | 1 | |
| Blacksmith | 2 | |
| Arcane Sanctum | 2 | |
| Guard Tower | 8 | |
| Castle | 1 | |
| Arcane Vault | 2 | |
69 total
» build order
00:48 Altar of Kings
00:53 Barracks
00:57 Farm
01:05 Farm
01:46 Farm
01:54 Scout Tower
02:09 Farm
02:36 Arcane Tower
02:36 Arcane Tower
02:37 Arcane Tower
04:28 Keep
04:52 Town Hall
05:08 Lumber Mill
05:24 Blacksmith
06:48 Barracks
06:52 Barracks
06:56 Arcane Sanctum
07:01 Arcane Sanctum
08:07 Scout Tower
08:08 Scout Tower
08:08 Scout Tower
08:09 Scout Tower
09:08 Farm
09:14 Guard Tower
09:18 Farm
09:21 Farm
09:22 Farm
09:55 Farm
09:57 Farm
10:00 Farm
10:02 Farm
10:03 Farm
10:04 Farm
10:04 Farm
11:09 Castle
11:24 Blacksmith
11:57 Scout Tower
11:57 Scout Tower
11:58 Scout Tower
12:03 Scout Tower
12:04 Scout Tower
12:05 Scout Tower
12:08 Scout Tower
12:09 Scout Tower
12:10 Scout Tower
12:16 Scout Tower
12:42 Guard Tower
12:46 Guard Tower
12:49 Guard Tower
12:52 Scout Tower
12:53 Scout Tower
13:24 Guard Tower
14:10 Guard Tower
14:19 Guard Tower
14:51 Arcane Vault
15:44 Town Hall
15:47 Scout Tower
15:48 Scout Tower
15:50 Scout Tower
15:51 Scout Tower
15:54 Scout Tower
15:56 Scout Tower
15:56 Scout Tower
16:54 Arcane Vault
18:38 Guard Tower
26:06 Town Hall
29:40 Town Hall
» items
| Healing Salve | 2 | |
| Periapt of Vitality | 1 | |
| Boots of Speed | 1 | |
| Staff of Teleportation | 1 | |
5 total
alwaysnoobteam (
teal | 34 APM | 221 actions | 06:26)
2 Blademaster
1 Wind Walk
1 Critical Strike
» actions
| Basic commands | 3 | |
| Build / train | 22 | |
| Enter build submenu | 11 | |
| Enter hero's abilities submenu | 2 | |
| Give item / drop item | 1 | |
| Right click | 101 | |
| Select / deselect | 65 | |
| Use ability | 16 | |
221 total
» units
» upgrades
» buildings
| Altar of Storms | 1 | |
| Orc Burrow | 3 | |
| Voodoo Lounge | 1 | |
| War Mill | 1 | |
| Watch Tower | 2 | |
| Stronghold | 2 | |
| Beastiary | 1 | |
11 total
» build order
00:07 Altar of Storms
00:13 Orc Burrow
01:01 Voodoo Lounge
01:09 War Mill
01:50 Orc Burrow
02:31 Watch Tower
03:25 Stronghold
03:26 Stronghold
04:04 Watch Tower
05:14 Orc Burrow
05:59 Beastiary
» items

»
fighter (
orange | 19 APM | 117 actions | 06:08)
1 Archmage
1 Summon Water Elemental
» actions
| Assign group hotkey | 1 | |
| Basic commands | 1 | |
| Build / train | 13 | |
| Enter build submenu | 10 | |
| Enter hero's abilities submenu | 1 | |
| Right click | 33 | |
| Select / deselect | 48 | |
| Use ability | 10 | |
117 total
» units
» upgrades
| Masonry | 1 | |
| Swords | 1 | |
| Lumber Harvesting | 1 | |
3 total
» buildings
| Farm | 4 | |
| Altar of Kings | 1 | |
| Scout Tower | 1 | |
| Lumber Mill | 1 | |
| Keep | 1 | |
| Blacksmith | 1 | |
| Guard Tower | 1 | |
| Castle | 1 | |
| Gryphon Aviary | 1 | |
12 total
» build order
00:31 Farm
01:03 Altar of Kings
01:09 Scout Tower
01:47 Lumber Mill
01:53 Farm
02:05 Keep
02:33 Blacksmith
02:58 Guard Tower
03:49 Farm
04:28 Castle
04:31 Farm
05:09 Gryphon Aviary
Chat log
(00:31 / All) LoveWizard: WELL I'M A LITTLE
(00:33 / All) LoveWizard: HELLBILLY!
(00:47 / Allies) fighter: red solo cup
(00:51 / All) MasterOfMutants: lol dudeyousuck i know you from highperch!
(02:45 / All) DudeYouSuck: u have to love a guy
(02:49 / All) DudeYouSuck: who cnat mort a main
(02:51 / All) DudeYouSuck: with 10 morts
(02:57 / All) MasterOfMutants: what you mean?
(02:59 / All) DudeYouSuck: then cries to his allies about a loss?
(02:59 / All) smell_my_finger: ???
(03:04 / All) smell_my_finger: that is true
(03:07 / All) DudeYouSuck: his name is SWEATYBUMJUICE2
(03:12 / All) DudeYouSuck: the guy suckin totally sucks
(03:14 / All) MasterOfMutants: who
(03:14 / Allies) alwaysnoobteam: blue u going for my expo?
(03:21 / All) DudeYouSuck: some noob fuck
(03:25 / Allies) MasterOfMutants: it's his natural
(03:27 / Allies) MasterOfMutants: mid is closer
(03:29 / Allies) MasterOfMutants: it is yours
(03:37 / All) DudeYouSuck: 10 morts and hes killin WISPS!!!!
(04:18 / Allies) LoveWizard: excuse me sir
(04:20 / Allies) LoveWizard: You are in my way
(04:25 / Allies) alwaysnoobteam: thats my expo
(04:27 / Allies) MasterOfMutants: no
(04:29 / Allies) MasterOfMutants: yours is mid
(04:30 / Allies) alwaysnoobteam: thats yours
(04:31 / Allies) LoveWizard: I creepd it
(04:34 / Allies) MasterOfMutants: this is his
(04:37 / Allies) LoveWizard: fast expand, idiot
(04:38 / Allies) alwaysnoobteam: ever played this map before?
(04:41 / Allies) MasterOfMutants: yeah
(04:48 / Allies) MasterOfMutants: noob teal
(04:53 / Allies) MasterOfMutants: yours is middle
(05:02 / Allies) alwaysnoobteam: gg guys blue just tkd me
(05:03 / Allies) LoveWizard: take him out now
(05:06 / Allies) MasterOfMutants: no
(05:08 / Allies) MasterOfMutants: you tked him
(05:14 / Allies) MasterOfMutants: tried to take his expo
(05:37 / Allies) LoveWizard: come now
(05:47 / Allies) MasterOfMutants: omw to help you
(05:55 / Allies) LoveWizard: You fucked with the wrong person, idiot
(06:03 / Allies) fighter: wow
(06:04 / Allies) alwaysnoobteam: who fucked with you
(06:05 / Allies) MasterOfMutants: stupid backstabbing trash
(06:12 / Allies) alwaysnoobteam: no did anything lol
(06:33 / Allies) LoveWizard: okay
(06:35 / Allies) LoveWizard: they both left
(06:36 / Allies) LoveWizard: rod
(07:07 / Allies) LoveWizard: that guy was a fucking dweeb
(07:11 / Allies) MasterOfMutants: I agree
(07:12 / Allies) MasterOfMutants: both of them
(07:13 / Allies) LoveWizard: Did you see him stand in my way and shit
(07:17 / Allies) MasterOfMutants: especially fighter from our drophacking game
(07:20 / Allies) MasterOfMutants: what a dumb nigger
(07:45 / Allies) LoveWizard: Lawl I don't undersatnd how that's his expo
(07:50 / Allies) LoveWizard: even stole my exp
(08:01 / Allies) MasterOfMutants: they might hit
(08:03 / Allies) MasterOfMutants: since 2 left
(08:14 / Allies) MasterOfMutants: tower up with teal and oj imo
(08:21 / Allies) LoveWizard: yeh
(10:53 / All) DudeYouSuck: U FU*CK
(10:56 / All) MasterOfMutants: raped
(10:57 / All) MasterOfMutants: dude
(10:58 / All) MasterOfMutants: you suck
(11:00 / All) DudeYouSuck: WHY THE FUCK WOULD U TP ON ME?
(11:07 / All) MasterOfMutants: because you suck dude
(11:13 / All) DudeYouSuck: U DIDNT TP IDIOT
(11:15 / All) DudeYouSuck: MY ALLIE DID
(11:20 / All) MasterOfMutants: dude
(11:21 / All) MasterOfMutants: you suck man
(11:27 / All) DudeYouSuck: LOL SURE BRO
(11:36 / All) DudeYouSuck: AS I HAVE ALLIES WHO TP TO MY HERO WITH 17 HP LEFT?
(11:43 / Allies) LoveWizard: oops
(11:43 / All) MasterOfMutants: dude
(11:47 / All) MasterOfMutants: it's cause you suck
(11:49 / All) DudeYouSuck: then my hero cnat move and gets killed
(11:53 / All) DudeYouSuck: GREAT ALLEIS
(11:54 / All) MasterOfMutants: wow dude you suck
(12:20 / All) DudeYouSuck: considering u and yellwo are working together
(12:22 / All) DudeYouSuck: im out
(12:24 / All) MasterOfMutants: dude
(12:25 / All) MasterOfMutants: you suck
(12:27 / All) DudeYouSuck: guys yellwo will bs
(12:28 / All) MasterOfMutants: let me take your items
(12:28 / All) DudeYouSuck: as usual
(12:29 / All) MasterOfMutants: first
(12:34 / All) DudeYouSuck: him and green are in teh same dorm room
(12:41 / All) DudeYouSuck: they do this game play akll the time
(12:42 / All) MasterOfMutants: dude
(12:43 / All) MasterOfMutants: you suck
(12:59 / All) DudeYouSuck: LOL GREEN AND YELWLO BLOWING EACH OTHER IN THE SAME DORM ROOM
(13:04 / All) DudeYouSuck: WHY U THINK YELLWO TPED TO MY HERO
(13:05 / All) MasterOfMutants: dude
(13:06 / All) MasterOfMutants: you suck
(13:07 / All) MasterOfMutants: not us
(13:09 / All) DudeYouSuck: SO BLUE COULD KILL ME
(13:09 / All) MasterOfMutants: we just blow
(13:16 / All) masterofmutantz: lawl
(13:22 / All) MasterOfMutants: mission success
(13:26 / All) masterofmutantz: all i did was tp staff him
(13:27 / All) MasterOfMutants: fighter and dudeyousuck down
(13:29 / All) MasterOfMutants: dischacker
(13:32 / All) MasterOfMutants: and fag
(13:37 / All) masterofmutantz: he isnt a dicsc hacker
(13:45 / All) masterofmutantz: we dropped that game cuz u guys didnt drop
(14:30 / All) masterofmutantz: he whispered me
(14:36 / All) MasterOfMutants: he mad?
(15:06 / All) masterofmutantz: he is whispering me still
(15:13 / All) MasterOfMutants: what is he saying?
(15:13 / All) masterofmutantz: saying we blow each other
(15:19 / All) MasterOfMutants: lol
(15:31 / All) masterofmutantz: "u need ur blow buddy to win games"
(15:58 / All) MasterOfMutants: red is still in-game
(16:00 / All) MasterOfMutants: what is he doing?
(16:09 / All) masterofmutantz: he is clueless
(18:43 / All) MasterOfMutants: Hope. Leave while you still have hope.
(18:45 / All) MasterOfMutants: Red.
(18:55 / All) MasterOfMutants: The FEV-2 virus does not destroy the reproductive organs of those it mutates.
(19:04 / All) masterofmutantz: EVERYTIMe i hear the word hope i think of that gay ass kid in final fantasy 13
(19:07 / All) MasterOfMutants: So, what will it be? Do you join the Unity, or do you die here? Join! Die! Join! Die!
(21:39 / All) LoveWizard: Teal should get loss
(21:40 / All) masterofmutantz: why teal
(21:47 / All) LoveWizard: You can see in replay
(21:50 / All) MasterOfMutants: DudeYouSuck needs to lose
(21:50 / All) LoveWizard: I fast expanded
(21:53 / All) LoveWizard: He runs his BM up there
(21:55 / All) MasterOfMutants: He gets angry at item stealing
(21:56 / All) LoveWizard: stats teal
(22:06 / All) LoveWizard: Runs his bm up there leeches EXP
(22:09 / All) LoveWizard: but that's not worst of it
(22:12 / All) MasterOfMutants: Teal is 533-541 W/L
(22:15 / All) LoveWizard: Guy stands in the spot to put hall
(22:16 / All) masterofmutantz: ok teal loses
(22:20 / All) LoveWizard: saying it's his expo
(22:25 / All) LoveWizard: "have you never played this map before"
(22:26 / All) MasterOfMutants: Good stab
(22:28 / All) LoveWizard: pings other expo
(22:31 / All) MasterOfMutants: Fighter and DudeYouSuck
(22:34 / All) MasterOfMutants: Drophacker or not he was a fag
(23:04 / All) LoveWizard: He was trying to make me waste fast expand
(23:15 / All) MasterOfMutants: Didn't lose 1 unit
(23:16 / All) MasterOfMutants: lol
(23:22 / All) masterofmutantz: wasnt after u moron
(23:24 / All) LoveWizard: trying to type
(23:27 / All) masterofmutantz: i know
(23:32 / All) MasterOfMutants: I know you weren't
(24:45 / All) LoveWizard: dudeyouscuk is only 44-43
(24:56 / All) MasterOfMutants: We could make him 44-44 if we wanted
(25:04 / All) masterofmutantz: i say teal should lose
(25:17 / All) LoveWizard: I agree
(25:23 / All) LoveWizard: Rod or I should upload replay
(25:28 / All) LoveWizard: so you can see
(25:29 / All) MasterOfMutants: I will
(26:18 / All) LoveWizard: Teal might be the biggest faggot I have encountered in some
(26:23 / All) LoveWizard: someone that wants to win
(26:31 / All) masterofmutantz: how is he any different than us
(26:33 / All) MasterOfMutants: Unsummoning a mine gives more gold when it has only a little in it, like 140. Kind of silly
(26:40 / All) LoveWizard: He wants to win cares about his ranking
(26:47 / All) LoveWizard: He didn't TK
(26:57 / All) LoveWizard: He thought that expo was "his"
(27:01 / All) LoveWizard: due to him being back base
(29:07 / All) masterofmutantz: i have to see what he did
(29:17 / All) MasterOfMutants: yes you do
(31:07 / All) masterofmutantz: ok leave dumbasses i raped u
(31:13 / All) MasterOfMutants: No
(31:20 / All) MasterOfMutants: On both accounts
(31:31 / All) masterofmutantz: teal needs loss
(31:39 / All) MasterOfMutants: DudeYouSuck
(31:51 / All) MasterOfMutants: Did you steal any of his stuff?
(32:04 / All) masterofmutantz: no i expo'd and he straight tech'd to wyverns i would have got raped
(32:18 / All) masterofmutantz: he knew who we were
(32:23 / All) masterofmutantz: he isnt an idiot
(32:23 / All) MasterOfMutants: lol
(32:27 / All) MasterOfMutants: He is
(32:29 / All) MasterOfMutants: He just knows us
(33:00 / Allies) MasterOfMutants: Road looks cool on blight
(34:48 / All) MasterOfMutants: Undead air armies are pretty fearsome, just not against buildings
(35:03 / All) MasterOfMutants: except for wyrms which suck
(36:03 / All) masterofmutantz: so my team gets loss?
(36:11 / All) MasterOfMutants: Imo
(36:23 / All) masterofmutantz: it depends bob really didnt like teal
(36:39 / All) LoveWizard: Teal should lose lozl